Cogmind - Beta 14 @@@ ROGUE MODE // 2025.03.30 @ 17:47:26 Player: golanco Result: Destroyed by G-34 Mercenary with Small Laser Performance ------------- Evolutions (0) 0 Regions Visited (1) 200 Robots Destroyed (23) 115 Value Destroyed (349) 349 Prototype IDs (0) 0 Alien Tech Used (0) 0 Bonus (0) 0 TOTAL SCORE: 664 Bonus ------- None Cogmind --------- Core Integrity 0/250 Matter 116/300 Energy 160/160 System Corruption 2% Temperature Cool (16) Movement Treading (320) Ox2 Location -10/Materials Parts ------- > --- POWER (1) -------- Light Nuclear Core > --- PROPULSION (2) --- Light Treads > --- UTILITY (2) ------ High-capacity Storage Unit Sensor Array > --- WEAPON (2) ------- Light Cannon Light Cannon > --- INVENTORY (20) --- Ion Engine Light Ion Engine Signal Interpreter Signal Interpreter Transport Network Coupler Recalibrator Assault Rifle Light Assault Rifle Light Cannon Peak State ------------ > --- POWER ------------ Light Nuclear Core > --- PROPULSION ------- Light Treads > --- UTILITY ---------- High-capacity Storage Unit Sensor Array > --- WEAPON ----------- Assault Rifle Light Cannon > --- INVENTORY -------- Ion Engine Light Ion Engine Signal Interpreter Signal Interpreter Recalibrator Light Assault Rifle Light Cannon Light Cannon [Rating: 9] Favorites ----------- Power Ion Engine Engine Ion Engine Power Core Light Nuclear Core Propulsion Light Treads Treads Light Treads Utility Sensor Array Device Sensor Array Storage Small Storage Unit Weapon Assault Rifle Ballistic Gun Assault Rifle Ballistic Cannon Light Cannon Build | -11 -10 ------- Run | Yrd Mat Slots Evolved . | . . Power . | . . Propulsion . | . . Utility . | . . Weapon . | . . Parts Attached 12 | 7 5 Power 2 | 1 1 Engine 1 | 1 . Core 1 | . 1 Reactor . | . . Propulsion 2 | 2 . Treads 2 | 2 . Leg . | . . Wheel . | . . Hover . | . . Flight . | . . Utility 4 | 2 2 Device 2 | 1 1 Storage 2 | 1 1 Processor . | . . Hackware . | . . Protection . | . . Artifact . | . . Weapon 4 | 2 2 Energy Gun . | . . Energy Cannon . | . . Ballistic Gun 2 | 2 . Ballistic Cannon 2 | . 2 Launcher . | . . Special Weapon . | . . Impact Weapon . | . . Slashing Weapon . | . . Piercing Weapon . | . . Special Melee Weapon . | . . Unidentified Prototypes . | . . Parts Lost 3 | . 3 Power 1 | . 1 Propulsion 1 | . 1 Utility . | . . Weapon 1 | . 1 Highest Loss Streak 3 | . 3 To Critical Strikes . | . . Average Slot Usage (%) 93 | . 93 Engine 9 | . 9 Core 3 | . 3 Treads 23 | . 23 Device 14 | . 14 Storage 14 | . 14 Ballistic Gun 20 | . 20 Ballistic Cannon 7 | . 7 Peak Build Rating 9 | 7 9 Average Rating 7 | 5 7 On Entrance 3 | . 7 Naked Turns . | . . Heaviest Build 52 | 15 52 Greatest Support 40 | 40 40 Greatest Overweight (x) 2 | . 2 Average Overweight (x) . | . . Largest Inventory Capacity 20 | 8 20 Average Capacity 13 | 7 13 Most Carried 11 | 5 11 Average Carried 7 | 2 8 Final Capacity 20 | 8 20 Final Carried 9 | 5 9 Class Distribution -------------------- 100% | Mutant Dominant Class ---------------- Mutant | -10/Materials Resources | -11 -10 ----------- Run | Yrd Mat Matter Collected 474 | 115 359 Remotely . | . . Salvage Created 729 | 167 562 Parts 52 | 13 39 Haulers Intercepted 2 | . 2 Recyclers Shooed 1 | . 1 Parts Field Recycled . | . . Retrieved Matter . | . . Parts Self-Destructed . | . . Prevented . | . . Kills | -11 -10 ------- Run | Yrd Mat Combat Hostiles Destroyed 9 | . 9 Guns 7 | . 7 Cannons 2 | . 2 Classes Destroyed 9 | 3 6 Worker 1 | 1 . Builder 1 | . 1 Tunneler 5 | 4 1 Hauler 2 | . 2 Recycler 2 | 1 1 Mechanic 1 | . 1 Watcher 2 | . 2 Swarmer 3 | . 3 Grunt 6 | . 6 Best Kill Streak 7 | 5 7 Combat Bots Only 3 | . 3 Max Kills in Single Turn 2 | 2 2 Gunslinging 1 | . 1 Exploded . | . . Melee . | . . Uniques/NPCs Destroyed . | . . Combat | -11 -10 -------- Run | Yrd Mat Hostile Shots Fired 103 | . 103 Missed 25 | . 25 Damage Taken 844 | . 844 Core 256 | . 256 Absorbed by Shields . | . . Core Remaining (%) 100 | 100 . Volleys Fired 59 | 5 54 Largest 2 | 2 2 Hottest 70 | 40 70 Shots Fired 112 | 10 102 Gun 100 | 10 90 Cannon 12 | . 12 Launcher . | . . Special . | . . Kinetic 112 | 10 102 Thermal . | . . Explosive . | . . Electromagnetic . | . . Robot Hit Streak 6 | 6 6 Robot Miss Streak 3 | 1 3 Penetration Max . | . . Secondary Targets 2 | . 2 Max Gunslinging Chain 1 | . 1 Shots Hit Robots 67 | 7 60 Core Hits 31 | 6 25 Critical Kills . | . . Critical Parts Destroyed 2 | . 2 Critical Strikes 3 | . 3 Destroy 2 | . 2 Blast 1 | . 1 Melee Attacks . | . . Impact . | . . Slashing . | . . Piercing . | . . Sneak Attacks . | . . Combat Hostiles . | . . Follow-up Attacks . | . . Damage Inflicted 955 | 103 852 Guns 845 | 103 742 Cannons 104 | . 104 Explosions . | . . Melee . | . . Ramming 6 | . 6 Kinetic 949 | 103 846 Thermal . | . . Explosive . | . . Electromagnetic . | . . Impact . | . . Slashing . | . . Piercing . | . . Highest Corruption 2 | . 2 Average Corruption 1 | . 1 Corruption Purged . | . . Corruption Blocked . | . . Effects 2 | . 2 Matter Fused 1 | . 1 Heat Flow Errors 1 | . 1 Overload Shots . | . . Overflow Damage . | . . Projectiles . | . . Explosions . | . . Melee . | . . Knockbacks 2 | . 2 Impact 1 | . 1 Kinetic 1 | . 1 Secondary . | . . Self-Inflicted Damage . | . . Shots . | . . Rammed 2 | . 2 Targets Rammed 2 | . 2 Kicked . | . . Crushed . | . . Highest Temperature 116 | . 116 Average Temperature 29 | . 29 Received Heat Transfer 375 | . 375 Siege Activations . | . . Robots Corrupted . | . . Combat Hostiles . | . . Parts Fried . | . . Impact Corruptions . | . . Robots Melted . | . . Combat Hostiles . | . . Parts Melted . | . . Heat Transferred . | . . Parts Sabotaged . | . . Parts Stolen . | . . Parts Stripped . | . . Power Chain Reactions . | . . Alert | -11 -10 ------- Run | Yrd Mat Peak Influence 147 | 30 147 Initial 19 | . 19 Average 33 | 9 35 Maximum Alert Level . | . . Low Security (%) 100 | 100 100 Level 1 . | . . Level 2 . | . . Level 3 . | . . Level 4 . | . . Level 5 . | . . High Security . | . . Max Security . | . . Squads Dispatched 3 | . 3 Investigation 2 | . 2 Extermination . | . . Reinforcement 1 | . 1 Assault . | . . Garrison . | . . Intercept . | . . Searches Triggered . | . . Construction Impeded . | . . Haulers Reinforced . | . . Active Scanning Responses . | . . Cargo Convoy Interrupts . | . . Stealth | -11 -10 --------- Run | Yrd Mat Distress Signals . | . . Communications Jammed . | . . Distress Signals . | . . Times Spotted 15 | . 15 Peak Tracking Total 4 | . 4 Tactical Retreats . | . . Traps | -11 -10 ------- Run | Yrd Mat Traps Triggered . | . . Indirectly . | . . Trap Hack Attempts . | . . Triggered . | . . Disarmed . | . . Reprogrammed . | . . Reused . | . . Traps Extracted . | . . Installed . | . . Triggered . | . . Machines | -11 -10 ---------- Run | Yrd Mat Machines Disabled . | . . Max in Single Turn . | . . Machines Repaired . | . . Machines Dismantled . | . . Machines Sabotaged . | . . Overloaded Fab Kills . | . . Hacking | -11 -10 --------- Run | Yrd Mat Machines Accessed 4 | . 4 Terminals 2 | . 2 Fabricators . | . . Repair Stations 1 | . 1 Recycling Units 1 | . 1 Scanalyzers . | . . Garrison Access . | . . Total Hacks 9 | . 9 Successful 1 | . 1 Failed 8 | . 8 Catastrophic 2 | . 2 Database Lockouts . | . . Manual 2 | . 2 Terminals 5 | . 5 Fabricators . | . . Repair Stations 2 | . 2 Recycling Units 2 | . 2 Scanalyzers . | . . Garrison Access . | . . Terminal Hacks . | . . Fabricator Hacks . | . . Repair Station Hacks . | . . Recycling Unit Hacks 1 | . 1 Retrieve Components 1 | . 1 Scanalyzer . | . . Garrison Access Hacks . | . . Unauthorized Hacks . | . . Terminals . | . . Fabricators . | . . Repair Stations . | . . Recycling Units . | . . Scanalyzers . | . . Garrison Access . | . . Data Cores Recovered . | . . Used . | . . Hacking Detections 4 | . 4 Full Trace Events 3 | . 3 Feedback Events 2 | . 2 Corruption 2 | . 2 Feedback Blocked . | . . Robot Schematics Acquired . | . . Robots Built . | . . Authchips . | . . Time . | . . Total Robot Build Rating . | . . Part Schematics Acquired . | . . Parts Built . | . . Authchips . | . . Time . | . . Total Part Build Rating . | . . Parts Repaired . | . . Time . | . . Parts Recycled . | . . Recycled Matter . | . . Retrieved Matter . | . . Retrieved Components 1 | . 1 Parts Scanalyzed . | . . Part Schematics Acquired . | . . Parts Damaged . | . . Bothacking | -11 -10 ------------ Run | Yrd Mat Used RIF Installer . | . . Robots Hacked . | . . Non-combat . | . . Combat . | . . Robot Hacks Applied . | . . Relay Couplers Released . | . . Fabnet Peak Effective % . | . . Robots Rewired . | . . Allies Hacked . | . . Hacks Repelled . | . . Allies | -11 -10 -------- Run | Yrd Mat Total Allies . | . . Largest Group . | . . Highest-Rated Group . | . . Highest-Rated Ally . | . . Total Orders . | . . Ally Attacks . | . . Total Damage . | . . Kills . | . . Allies Corrupted . | . . Allies Melted . | . . Intel | -11 -10 ------- Run | Yrd Mat Robot Analysis Total . | . . Derelict Logs Recovered . | . . Drone Launches . | . . Drone Recoveries . | . . Exploration | -11 -10 ------------- Run | Yrd Mat Turns Passed 1097 | 116 981 Spaces Moved 445 | 56 389 Core 3 | 3 . Treads 442 | 53 389 Legs . | . . Wheels . | . . Hover . | . . Flight . | . . Fastest Speed 50 | 50 160 Average Speed 197 | 154 204 Slowest Speed 320 | 160 320 Overloaded Moves . | . . Propulsion Burnouts . | . . Robots Hopped . | . . Cave-ins Triggered . | . . Exploration Rate (%) 30 | 4 56 Regions Visited 1 Branch Regions . Pre-discovered Areas . | . . Known Exits Taken . | . . Unknown Exits Taken 1 | 1 . Scrap Searched . | . . Spaces Dug . | . . Terrain Destroyed . | . . Melee . | . . Projectile . | . . AOE . | . . Terrain Rammed . | . . Walls Destroyed . | . . Machines Disabled . | . . Actions | -11 -10 --------- Run | Yrd Mat Total 551 | 72 479 Wait 9 | . 9 Move 444 | 55 389 Hop . | . . Pick Up 17 | 5 12 Fast Attach 7 | 7 . Attach 3 | . 3 Detach 1 | . 1 Swap 2 | . 2 Drop 7 | . 7 Fire 59 | 5 54 Melee . | . . Ram . | . . Kick . | . . Crush 2 | . 2 Escape Stasis . | . . Rewire . | . . Trap . | . . Miscellaneous . | . . Route ------- -11/Scrapyard -10/Materials (discovered 2 exits: [*Mat] / [*Min]) History --------- Turn | Location | Event 2 | -11/Scrapyard | Discovered new exit (range 16) 117 | -11/Scrapyard | Entered Materials 302 | -10/Materials | Build established: Mutant 594 | -10/Materials | Discovered new exit (range 9) 710 | -10/Materials | Discovered new exit (range 8) 759 | -10/Materials | Core integrity fell below 50% 788 | -10/Materials | Core integrity fell below 20% 824 | -10/Materials | Lost 3 parts (1p1n1w) 1098 | -10/Materials | Destroyed by G-34 Mercenary with Small Laser Last Messages --------------- K-01 Serf collects debris. A-02 Transporter destroyed. K-01 Serf collects debris. Acquired 3 matter. K-01 Serf collects debris. Acquired Transport Network Coupler. K-01 Serf collects debris. R-06 Scavenger collects Sml. Laser. R-06 Scavenger collects Aluminum Leg. Connecting with Terminal... Feedback: System corruption (+1%). R-06 Scavenger collects Lgt. Ion Engine. System corrupted: Matter fused (-9). Connecting with Repair Station... Feedback: System corruption (+1%). ALERT: Suspicious activity at Repair Station M001. Dispatching Investigation squad. System corrupted: Heat flow error (+134). W-16 Scout destroyed. K-01 Serf collects debris. Map ----- +----------------------------------------------------+ | #?#### #### #????????????? | | ###T##% #??## ##????????????? | | *=%% %!* #???# #?????????????? | | ##### %####+###### ###### #???# #?????????????? | | ????# ## #?#=#????# #???# #?????????????? | | |#??# ## #?#%#????# #???# #?????????????? | | #??# % ## """" #?#=#????# #???# #?????????????? | | #??#^^^## """" #?# #???##+##### #?????????????? | | #??#[ ## """" #?# #???# # #?????????????? | | #??#% ## #?# #???# """ # #?????????????? | | ##??#% ######+##?# #???# "R" # #?????????????? | | ????# % #????# #??# #???# " " + #?????????????? | | ????# #????# #??# #???#| ? # #?????????????? | | ????# #????# #??# #???#g? ! # ???????????? | | ##### ######+#### #####/###### ####??????????? | | # # + #????##?##?????????????? | | # # ####### #????? ??????????????? | | !! # # ""#?????# #????? ?????????????? | | !! # # ! Y"#?????# ? #???? ?????????????? | | !! + / ""#?????# #???? ????????????? | | # # #?????# #???? ?#???????????? | | ##### ##############+## #??? ##???????????? | | #### #??????# # #???#######????????????? | | #??????# """ # #??????????????????????? | | #??????# """ + #??????????????????????? | | #??????# """ #@#??????????????????????? | | #### #??????# # #??????????????????????? | | ???#######??????######### k??????????????????????? | | ########????????????????#=%#?????????????????????? | | #????????????????# =#?????????????????????? | | """"" #????????????????# ;?????????????????????? | | """"" #????????????????#r #?????????????????????? | | """"" #????????????????# #?????????????????????? | | """"" ????????????????? #?????????????????????? | | """""?????????????????? +?????????????????????? | | """""?????????????????? #?????????????????????? | | """""??????????????????## #?????????????????????? | | ???????????????????? #?????????????????????? | | ########?????????????????? ??????????????????????? | | #?????????????????? ??????????????????????? | | =??????????????????? ??????????????????????? | | """ #?????????????????????????????????????????? | | """"" ??????????????????????????????????????????? | | """"" ??????????????????????????????????????????? | | """"" #?????????????????????????????????????????? | | """ #?????????????????????????????????????????? | | ! #?????????????????????????????????????????? | | #?????????????????????????????????????????? | | ########?????????????????????????????????????????? | | ?????????????????????????????????????????????????? | +----------------------------------------------------+ Best States ------------- Heat Dissipation 25 Energy Generation 14 Energy Capacity 250 Matter Stores 146 Matter Capacity 300 Sight Range 16 Robot Scan Range 14 Terrain Scan Density 10 Evasion (%) 40 Recoil Reduction 2 Item Schematics ----------------- None Robot Schematics ------------------ None Fabricated ------------ Nothing Alien Tech Used ----------------- None Achievements -------------- None Challenges ------------ None Game ------ Seed MatterWeaponSpecial Manual? 0 Play Time 00:08:16 Cumulative 26.1 hours Start 2025.03.30 @ 17:41:17 End 2025.03.30 @ 17:47:26 Sessions 1 Manual Loads 0 Difficulty Rogue Special Mode None Game No. 70 Rogue 70 Adventurer 0 Explorer 0 Win Type - Total 0 Types 0/0/0/0/0/0/0/0/0 Lore% 13 Gallery% 23 Achievement% 25 Wizard Run 0 Options --------- Layout 1 ASCII 0 Keyboard 0 Movement Mouse Keybinds 0 Fullscreen 1 Font 36/Smallcaps Map View 50x40 Zoom Use 0% Tactical HUD 0 Map Filters NONE Filters NONE Steam 1 RUN: b7a47eb5-c312-473b-b019-108bd9403a53